 Dungeon Crawl Stone Soup version 0.30.1-11-g7821555f0a (webtiles) character file.

Game seed: 15070042290890756804

1075 KyoPewz the Covert (level 8, -6/31 HPs)
             Began as a Felid Enchanter on Jan 2, 2024.
             Killed by divine providence
             ... invoked by an orc priest
              (14 damage)
             ... on level 6 of the Dungeon.
             The game lasted 00:19:37 (6143 turns).

KyoPewz the Covert (Felid Enchanter)                Turns: 6143, Time: 00:19:38

Health: -6/31      AC:  2    Str:  4    XL:     8   Next: 8%
Magic:  1/12       EV: 20    Int: 17    God:
Gold:   245        SH:  0    Dex: 18    Spells: 0/11 levels left
                                        Lives:  0   Deaths: 2

rFire   . .          .
                       - Unarmed
rCold   + . .        (shield unavailable)
rNeg    . . .        (body armour unavailable)
rPois   .            (helmet unavailable)
rElec   .            (cloak unavailable)
rCorr   .            (gloves unavailable)
SInv    +            (boots unavailable)
Will    +....        (no amulet)
Stlth   ++++++       I - ring of protection from cold
HPRegen 0.25/turn    (no ring)
MPRegen 0.13/turn

%: no passive effects
@: studying Earth Magic, quick
A: very small, claws 1, fangs 3, see invisible, speed 1, shaggy fur 2, stealthy
paws, no weapons or thrown items, no armour, multi-lived
a: no special abilities


You were on level 6 of the Dungeon.
You visited 1 branch of the dungeon, and saw 6 of its levels.

You collected 245 gold pieces.

Inventory:

Jewellery
 I - a ring of protection from cold (left paw)
Wands
 j - a wand of roots (10)
Scrolls
 e - a scroll of silence
 f - a scroll of vulnerability
 i - a scroll of fog {unknown}
 p - a scroll of magic mapping
 B - a scroll of blinking
Potions
 a - 3 potions of invisibility
 b - 2 potions of ambrosia
 c - a potion of berserk rage {unknown}
 g - 2 potions of brilliance
 k - a potion of resistance {unknown}
 l - 2 potions of heal wounds
 m - 2 potions of flight
 n - a potion of haste {unknown}
 o - a potion of might {unknown}
 q - 3 potions of curing
 t - 2 potions of degeneration {unknown}
 u - 2 potions of magic


   Skills:
 + Level 5.1 Dodging
 + Level 13.7 Stealth
 + Level 3.3 Unarmed Combat
 - Level 2.0 Spellcasting
 - Level 6.0 Hexes
 - Level 3.0 Ice Magic


You couldn't memorise any spells.
You knew the following spells:

 Your Spells              Type           Power      Damage    Failure   Level
a - Ensorcelled Hibernat  Hex/Ice        34%        N/A       4%          2
b - Confusing Touch       Hex            22%        N/A       4%          3
c - Tukima's Dance        Hex            22%        N/A       4%          3
d - Dazzling Flash        Conj/Hex       22%        N/A       17%         3

Your spell library contained the following spells:

 Spells                   Type           Power      Damage    Failure   Level
 Magic Dart               Conj           4%         1d3       19%         1
 Necrotise                Necr           4%         1d4       19%         1
 Shock                    Conj/Air       4%         1d3       19%         1
 Searing Ray              Conj           2%         2d4       28%         2
 Swiftness                Air            1%         N/A       50%         3
 Vampiric Draining        Necr           1%         2d6       50%         3
 Volatile Blastmotes      Fire/Tloc      2%         2d10      50%         3
 Fulminant Prism          Conj/Hex       5%         3d7       50%         4
 Airstrike                Air            0%         2d(1-17)  88%         4
 Iskenderun's Mystic Bla  Conj/Tloc      1%         2d3       88%         4
 Agony                    Necr           1%         N/A       99%         5
 Starburst                Conj/Fire      0%         6d3       100%        6


Dungeon Overview and Level Annotations

Branches:
Dungeon (6/15)
 Temple: D:4-7

Altars:
Elyvilon
Gozag
Hepliaklqana
Okawaru
Trog
The Shining One

Shops:
D:6 *

Annotations:
D:4 Grinder
D:6 exclusion: boulder beetle


Innate Abilities, Weirdness & Mutations

You have sharp claws.
You have razor-sharp teeth.
You have supernaturally acute eyesight. (SInv)
You cover ground quickly. (Speed+)
You are covered in thick fur. (AC +2)
Your paws help you pounce on unaware monsters.
You are incapable of wielding weapons or throwing items.
You cannot wear armour.
You gain extra lives every three experience levels.


Message History

The orc priest resists with some effort.
The orc priest barely misses you.
You now have 2/12 mp.
Casting: Ensorcelled Hibernation (safe; 4% risk of failure)
Confirm with . or Enter, or press ? or * to list all spells.
Aiming: Ensorcelled Hibernation (safe; 4% risk of failure)
Press: ? - help, Shift-Dir - straight line, f/p - orc priest
Aim: an orc priest, wielding a +0 flail and wearing a +0 chain mail (chance to affect: 50%)
The orc priest resists with some effort.
The orc priest hits you with a +0 flail.
* * * LOW HITPOINT WARNING * * *
You take 1 damage, and have 6/31 hp.
You now have 0/12 mp.
You barely miss the orc priest. The orc priest closely misses you.
You scratch the orc priest but do no damage.
You bite the orc priest, but do no damage.
You scratch the orc priest.
The orc priest is lightly wounded.
The orc priest barely misses you.
You scratch the orc priest but do no damage.
The orc priest is lightly wounded.
The orc priest misses you.
You scratch the orc priest but do no damage.
The orc priest is lightly wounded.
The orc priest begins to cast a cantrip, but forgets the words!
You barely miss the orc priest.
You bite the orc priest, but do no damage.
The orc priest is lightly wounded.
The orc priest calls down the wrath of Beogh upon you.
You resist with significant effort.
Okay, then.
Unknown command.
You closely miss the orc priest.
The orc priest is lightly wounded.
The orc priest closely misses you.
You scratch the orc priest but do no damage.
Your bite misses the orc priest.
The orc priest is lightly wounded.
The orc priest mumbles some strange prayers to Beogh against you.
Beogh smites you!
You die...

###### #....#
#o##.# #@##)#
#.##.o #.##...
#.##.... #.##.....
#.##.#'###########
#.##.#.#.........#
#.# #..........
#.# #..........


You could see an orc priest.

Vanquished Creatures
  Eustachio (D:6)
  A water moccasin (D:6)
  An acid dragon (D:6)
  Edmund (D:4)
  A black bear (D:6)
  An ogre (D:5)
  2 phantoms (D:5)
  A centaur (D:5)
  A gnoll sergeant (D:6)
  4 scorpions
  A howler monkey (D:6)
  A jelly (D:5)
  2 hounds (D:5)
  A sleepcap (D:5)
  Terence (D:2)
  4 iguanas
  5 orc wizards (D:6)
  10 adders
  9 gnolls
  A shadow imp (D:3)
  3 white imps
  An ufetubus (D:4)
  3 worms
  4 orcs
  6 bats
  7 endoplasms
  3 giant cockroaches
  4 goblins
  4 hobgoblins
  5 kobolds
  6 quokkas
  A ball python (D:4)
  6 frilled lizards
  4 rats
106 creatures vanquished.

Notes
Turn   | Place    | Note
-------+----------+-------------------------------------------
     0 | D:1      | KyoPewz the Felid Enchanter began the quest for the Orb.
     0 | D:1      | Reached XP level 1. HP: 7/7 MP: 4/4
   159 | D:1      | Reached skill level 5 in Stealth
   159 | D:1      | Reached XP level 2. HP: 10/11 MP: 6/6
   522 | D:2      | Reached XP level 3. HP: 14/14 MP: 7/7
   575 | D:2      | Noticed Terence
   598 | D:2      | Killed Terence
   599 | D:2      | Reached skill level 6 in Stealth
   602 | D:2      | Learned a level 2 spell: Ensorcelled Hibernation
  1387 | D:3      | Reached XP level 4. HP: 18/18 MP: 5/8
  1391 | D:3      | Learned a level 3 spell: Confusing Touch
  1530 | D:3      | Found a bloodstained altar of Trog.
  1557 | D:3      | Found an opulent altar of Gozag.
  1678 | D:3      | Reached skill level 1 in Ice Magic
  1699 | D:3      | Found a white marble altar of Elyvilon.
  1753 | D:3      | Reached skill level 7 in Stealth
  1988 | D:4      | Reached skill level 5 in Hexes
  1988 | D:4      | Reached XP level 5. HP: 21/21 MP: 9/9
  2349 | D:4      | Gained mutation: You are covered in thick fur. (AC +2)
                  | [Felid growth]
  2349 | D:4      | Reached XP level 6. HP: 24/24 MP: 5/10
  2416 | D:4      | Noticed Grinder
  2471 | D:4      | Found a hazy altar of Hepliaklqana.
  2534 | D:4      | Noticed Edmund
  2543 | D:4      | Killed Edmund
  2544 | D:4      | Reached skill level 8 in Stealth
  2800 | D:4      | Learned a level 3 spell: Tukima's Dance
  2824 | D:4      | Slain by Grinder
  2825 | D:4      | Reached XP level 5. HP: -1/21 MP: 7/9
  2832 | D:5      | Entered Level 5 of the Dungeon
  2978 | D:5      | Noticed an ogre
  3019 | D:4      | Reached skill level 9 in Stealth
  3019 | D:4      | Reached XP level 6. HP: 22/24 MP: 2/10
  3162 | D:5      | Reached skill level 10 in Stealth
  3265 | D:5      | Reached XP level 7. HP: 5/27 MP: 1/11
  3403 | D:5      | Reached skill level 11 in Stealth
  3628 | D:5      | HP: 1/27 [sleepcap (15)]
  4144 | D:6      | Noticed a boulder beetle
  4442 | D:6      | Found a glowing golden altar of the Shining One.
  4523 | D:6      | Reached skill level 12 in Stealth
  4558 | D:6      | Reached XP level 8. HP: 31/31 MP: 4/12
  4631 | D:6      | Learned a level 3 spell: Dazzling Flash
  4657 | D:6      | Reached skill level 13 in Stealth
  5127 | D:6      | Mangled by a boulder beetle
  5128 | D:6      | Reached XP level 7. HP: -6/27 MP: 8/11
  5188 | D:6      | Found Qelaset's General Store.
  5687 | D:6      | Found an iron altar of Okawaru.
  5687 | D:6      | Noticed Eustachio
  5696 | D:6      | Killed Eustachio
  5697 | D:6      | Reached skill level 5 in Dodging
  5697 | D:6      | Reached XP level 8. HP: 31/31 MP: 12/12
  6143 | D:6      | Killed from afar by an orc priest

Illustrated notes

Levels and vault maps discovered:
D:1:      minmay_arrival_diagonal_passages, layout_basic
D:2:      layout_loops_ring, minmay_misc_feat_x, kennysheep_generic_room_16,
          uniq_terence
D:3:      layout_basic, nicolae_overflow_hidden_temple, general_overflow_altar,
          trog_butcher_becter
D:4:      layout_loops_ring, kennysheep_mini, uniq_edmund, uniq_grinder
D:5:      layout_basic
D:6:      layout_basic, okawaru_gym_becter, mainiacjoe_overflow_paths,
          serial_shops, shop, minmay_manual_monstrance, uniq_eustachio,
          uniq_crazy_yiuf_cottage

Skill      XL: |  1  2  3  4  5  6  7  8 |
---------------+-------------------------+-----
Stealth        | 5 6 7 9 10 12 13 | 13.7
Ice Magic      | 1 2 3 |  3.0
Hexes          | 5 6 |  6.0
Dodging        | 5 3 |  5.1
Unarmed Combat | 3 |  3.3
Spellcasting   | |  2.0

Action                     |  1- 3 |  4- 6 |  7- 9 || total
---------------------------+-------+-------+-------++-------
  Melee: Unarmed           |    98 |   132 |   125 ||   355
         Bite              |     9 |     8 |    10 ||    27
         Punch             |       |     2 |     2 ||     4
   Cast: Ensorcelled Hiber |     7 |    26 |    38 ||    71
         Confusing Touch   |       |     4 |     5 ||     9
    Use: Potion            |       |     2 |     1 ||     3
         Scroll            |       |       |    10 ||    10
   Stab: Sleeping          |    14 |    34 |    23 ||    71
         Confused          |       |     2 |     5 ||     7
         Distracted        |       |       |     1 ||     1
 Armour: Skin              |     3 |     7 |     1 ||    11
  Dodge: Dodged            |    75 |    85 |    70 ||   230
